 Dungeon Crawl Stone Soup version 0.29.0-4-gdea44cf6ec (webtiles) character file.

Game seed: 17706428400081110514

68 qw the Chopper (level 4, 0/26 HPs)
             Began as a Tengu Warper on Aug 28, 2022.
             Slain by Ijyb
             ... wielding a +0 dagger
              (4 damage)
             ... on level 3 of the Dungeon.
             The game lasted 00:00:12 (1879 turns).

qw the Chopper (Tengu Warper)                       Turns: 1879, Time: 00:00:13

Health: 0/26       AC: 14    Str: 13    XL:     4   Next: 19%
Magic:  8/8        EV:  3    Int: 17    God:
Gold:   98         SH:  0    Dex: 12    Spells: 7/7 levels left

rFire   . . .      SeeInvis .   Y - +2 hand axe
rCold   . . .      Faith    .   (no shield)
rNeg    . . .      Spirit   .   i - +0 plate armour
rPois   .          Reflect  .   (helmet restricted)
rElec   .          Harm     .   (no cloak)
rCorr   .          Rampage  .   (no gloves)
Will    .....                   (boots unavailable)
Stlth   ..........              (no amulet)
HPRegen 0.08/turn               f - +4 ring of protection
MPRegen 0.11/turn               (no ring)

@: no status effects
A: beak, talons 3, clever 1, evolution 1, MP-powered wands
a: no special abilities


You were on level 3 of the Dungeon.
You visited 1 branch of the dungeon, and saw 3 of its levels.

You collected 98 gold pieces.


Innate Abilities, Weirdness & Mutations

You have a beak for a mouth.
You have claws for feet.
Your mind is acute. (Int +4, Str/Dex -1)
You have hidden genetic potential.
You expend magic power (3 MP) to strengthen your wands.


   Skills:
 - Level 2.0 Fighting
 + Level 4.4 Axes
 - Level 1.0 Throwing
 - Level 2.0 Armour
 - Level 2.1 Dodging
 - Level 2.0 Spellcasting
 - Level 2.4 Translocations


You had 7 spell levels left.
You didn't know any spells.
Your spell library contained the following spells:

 Spells                   Type           Power      Damage    Failure   Level
 Blink                    Tloc           18%        N/A       100%        2
 Gell's Gravitas          Tloc           9%         N/A       100%        3
 Lesser Beckoning         Tloc           9%         N/A       100%        3
 Teleport Other           Tloc           9%         N/A       100%        3
 Manifold Assault         Tloc           9%         N/A       100%        5

Inventory:

Hand Weapons
 k - a +4 mace
 Y - a +2 hand axe (weapon)
Armour
 i - a +0 plate armour (worn)
Jewellery
 f - a +4 ring of protection (left hand)
Potions
 a - a potion of resistance {unknown}
 b - a potion of cancellation {unknown}
 c - a potion of curing
 d - a potion of might
 j - a potion of brilliance {unknown}

Dungeon Overview and Level Annotations

Branches:
Dungeon (3/15)

Altars:

Annotations:
D:3 Ijyb


Message History

You punch Ijyb, but do no damage.
Ijyb is heavily wounded.
Ijyb hits you with a +0 dagger.
You barely miss Ijyb. Your kick misses Ijyb. Your peck misses Ijyb.
Ijyb is heavily wounded.
Ijyb drinks a potion.
Ijyb is healed!
You hit Ijyb but do no damage. You peck Ijyb, but do no damage.
Ijyb is moderately wounded.
Ijyb barely misses you.
You hit Ijyb but do no damage. You peck Ijyb, but do no damage.
Ijyb is moderately wounded.
Ijyb barely misses you.
You slash Ijyb! Your kick misses Ijyb. Your peck misses Ijyb.
Ijyb is heavily wounded.
Ijyb zaps a wand.
The puff of flame hits you.
You hit Ijyb but do no damage.
Ijyb is heavily wounded.
Ijyb hits you with a +0 dagger.
You hit Ijyb but do no damage.
Ijyb is heavily wounded.
Ijyb zaps a wand.
The puff of flame hits you.
You closely miss Ijyb. Your kick misses Ijyb.
Ijyb is heavily wounded.
Ijyb hits you but does no damage. Ijyb hits you with a +0 dagger.
You closely miss Ijyb. You peck Ijyb, but do no damage.
Ijyb is heavily wounded.
Ijyb hits you but does no damage.
You closely miss Ijyb. You peck Ijyb.
Ijyb is severely wounded.
Ijyb hits you but does no damage.
You closely miss Ijyb.
Ijyb is severely wounded.
Ijyb hits you but does no damage.
You hit Ijyb but do no damage.
Ijyb is severely wounded.
Ijyb hits you but does no damage.
You hit Ijyb. Your kick misses Ijyb.
Ijyb is severely wounded.
Ijyb hits you with a +0 dagger.
You die...

####.#............####
..........###.###.#
####)#........# #.#
.....#..####### #.#
###..#..# #.#
#..#..####### #.#
#.......(...# #.#######
##.#..#####.###........
#.#..# #..g@........
#.#..# ############.
####.#..# #....#..#
........# #.#####.# #.#
# ..#####.# #.......#


You could see Ijyb.

Vanquished Creatures
  2 adders
  2 worms (D:2)
  A dart slug (D:1)
  5 bats
  2 endoplasms (D:1)
  2 giant cockroaches
  6 goblins
  3 hobgoblins (D:1)
  7 kobolds
  2 quokkas (D:2)
  7 ball pythons
  4 rats
43 creatures vanquished.

Vanquished Creatures (others)
  13 plants (D:1)
13 creatures vanquished.

Grand Total: 56 creatures vanquished

Notes
Turn   | Place    | Note
-------+----------+-------------------------------------------
     0 | D:1      | qw the Tengu Warper began the quest for the Orb.
     0 | D:1      | Reached XP level 1. HP: 12/12 MP: 4/4
     0 | D:1      | 0 ||| qw: Version: 0.1-a-89-g26bdef1
     0 | D:1      | 0 ||| qw: Game counter: 2156
     0 | D:1      | 0 ||| qw: Always use a shield: true
     0 | D:1      | 0 ||| qw: God list: Okawaru
     0 | D:1      | 0 ||| qw: Allow faded altars: false
     0 | D:1      | 0 ||| qw: Do Orc after D:15 true
     0 | D:1      | 0 ||| qw: Do second Lair branch before Depths: true
     0 | D:1      | 0 ||| qw: Lair rune preference: random
     0 | D:1      | 0 ||| qw: Plans: Normal
     0 | D:1      | 0 ||| PLANNING D:1-11
   258 | D:1      | Reached skill level 3 in Axes
   258 | D:1      | Reached XP level 2. HP: 17/17 MP: 6/6
   555 | D:1      | 555 ||| DROPPING +0 club.
   572 | D:1      | Found a faded altar of an unknown god.
   597 | D:1      | Reached XP level 3. HP: 21/21 MP: 7/7
   917 | D:1      | 917 ||| UPGRADING to +0 ring mail.
   927 | D:1      | 927 ||| DROPPING +0 leather armour.
   928 | D:1      | 928 ||| UPGRADING to +0 plate armour.
   938 | D:1      | 938 ||| DROPPING +0 ring mail.
   939 | D:1      | 939 ||| UPGRADING to +4 ring of protection.
   940 | D:1      | 940 ||| READING 2 scrolls labelled HUEKOS WIHU.
   941 | D:1      | 941 ||| READING scroll labelled NUIP RUIFO.
   942 | D:1      | 942 ||| READING scroll labelled BAUHUENYID.
   943 | D:1      | 943 ||| READING scroll labelled ALETUNL UMOKLETH.
   944 | D:1      | 944 ||| DRINKING 2 murky red potions.
   944 | D:1      | Gained mutation: You sometimes lose your temper in combat.
                  | [potion of mutation]
   944 | D:1      | Gained mutation: Your mind is acute. (Int +4, Str/Dex -1)
                  | [potion of mutation]
   944 | D:1      | Gained mutation: You have a pair of small horns on your
                  | head. [potion of mutation]
   945 | D:1      | 945 ||| DRINKING potion of mutation.
   945 | D:1      | Lost mutation: You sometimes lose your temper in combat.
                  | [potion of mutation]
   945 | D:1      | Lost mutation: Your mind is acute. (Int +4, Str/Dex -1)
                  | [potion of mutation]
   945 | D:1      | Lost mutation: You have a pair of small horns on your head.
                  | [potion of mutation]
   945 | D:1      | Gained mutation: You have hidden genetic potential. [potion
                  | of mutation]
   945 | D:1      | Gained mutation: Your mind is acute. (Int +4, Str/Dex -1)
                  | [potion of mutation]
   946 | D:1      | 946 ||| DROPPING scroll of immolation.
   947 | D:1      | 947 ||| DROPPING scroll of blinking.
  1102 | D:2      | 1102 ||| Stepping ~*~*~tactically~*~*~ (stealth).
  1194 | D:2      | Reached skill level 4 in Axes
  1223 | D:2      | 1223 ||| Stepping ~*~*~tactically~*~*~ (stealth).
  1224 | D:2      | 1224 ||| Stepping ~*~*~tactically~*~*~ (stealth).
  1239 | D:2      | 1239 ||| Stepping ~*~*~tactically~*~*~ (stealth).
  1240 | D:2      | 1240 ||| Stepping ~*~*~tactically~*~*~ (stealth).
  1360 | D:2      | 1360 ||| READING scroll of enchant weapon.
  1360 | D:2      | 1360 ||| ENCHANTING +1 hand axe.
  1643 | D:2      | 1643 ||| Stepping ~*~*~tactically~*~*~ (stealth).
  1654 | D:2      | Reached XP level 4. HP: 26/26 MP: 8/8
  1742 | D:2      | 1742 ||| READING scroll labelled DANESTR UT YPNUTZ.
  1743 | D:2      | 1743 ||| DRINKING 2 puce potions.
  1768 | D:3      | Gained mutation: You expend magic power (3 MP) to
                  | strengthen your wands. [hidden potential]
  1856 | D:3      | Noticed Ijyb
  1874 | D:3      | HP: 4/26 [Ijyb/+0 dagger (3)]
  1879 | D:3      | Slain by Ijyb

Levels and vault maps discovered:
D:1:      minmay_arrival_nine_rooms, layout_basic,
          shapermc_ecumenical_altar_totnotflames, kennysheep_boxes
D:2:      layout_loops_cross, st_stairs_8
D:3:      layout_loops_ring, wad_floor_pattern_untrapped,
          uniq_crazy_yiuf_cottage, uniq_ijyb

Skill      XL: |  1  2  3 |
---------------+----------+-----
Axes           | 3 4 |  4.4
Armour         | 2 |  2.0
Fighting       | |  2.0
Throwing       | |  1.0
Dodging        | |  2.1
Spellcasting   | |  2.0
Translocations | |  2.4

Action                   |  1- 3 |  4- 6 || total
-------------------------+-------+-------++-------
Melee: Hand axe          |    82 |    29 ||   111
       Peck              |     8 |     5 ||    13
       Kick              |    21 |     6 ||    27
       Punch             |       |     2 ||     2
Throw: Boomerang         |     7 |       ||     7
  Use: Scroll            |     5 |     1 ||     6
       Potion            |     2 |     1 ||     3
Armor: Leather armour    |     7 |       ||     7
       Plate armour      |    30 |    14 ||    44
Dodge: Dodged            |    24 |     6 ||    30

Table legend:
 A = Non-vault XP
 B = Vault XP
 C = Vault XP percentage of total XP
 D = Non-vault monster count
 E = Vault monster count
 F = Vault count percentage of total count
                 A         B        C        D         E       F
            +---------+---------+-------+---------+---------+-------
      Total |      96 |       2 |   2.0 |      41 |       2 |   4.7
            +---------+---------+-------+---------+---------+-------
        D:1 |      37 |       0 |   0.0 |      21 |       0 |   0.0
        D:2 |      45 |       2 |   4.3 |      18 |       2 |  10.0
        D:3 |      14 |       0 |   0.0 |       2 |       0 |   0.0
            +---------+---------+-------+---------+---------+-------
